Map: Lost and Found LE

Players

ShoWTimE

  • Race: Protoss Protoss
  • Spawn Location: 1:00

Has - Winner!

  • Race: Protoss Protoss
  • Spawn Location: 7:00

Event: WCS Valencia 2018

VOD

Have the link to the VOD?

Description

Time

  • Played on: July 14, 2018, 11:21 a.m.
  • Length: 10:29

All games in this series

Show
View Real Time Build Order
Export as new Build Order

ShoWTimE Protoss 

Build Orders:  

Get SALT Encoding   

  12  0:00  Probe  
  13  0:12  Probe  
  14  0:18  Pylon  
  14  0:24  Probe  
  15  0:32  Probe  
  15  0:37  Gateway  
  15  0:40  Probe  
  16  0:46  Assimilator  
  17  0:51  Probe  
  18  0:57  Assimilator  
  18  1:03  Probe  
  19  1:15  Probe  
  19  1:17  Gateway  
  20  1:28  Probe  
  20  1:29  Cybernetics Core  
  21  1:38  Pylon  
  21  1:40  Warp Gate  
  21  1:41  Probe  
  22  1:53  Probe  
  23  2:05  Stalker x2  
  27  2:08  Probe  
  28  2:19  Pylon  
  28  2:35  Stalker  
  30  2:37  Stalker  
  30  2:42  Gateway  
  32  2:47  Pylon  
  32  3:01  Shield Battery  
  32  3:06  Stalker  
  32  3:10  Stalker  
  36  3:24  Robotics Facility  
  36  3:29  Pylon  
  36  3:49  Stalker x2  
  36  3:53  Stalker  
  42  4:04  Warp Prism  
  44  4:20  Stalker  
  46  4:29  Stalker  
  46  4:30  Stalker  
  49  4:41  Observer  
  49  4:42  Pylon  
  50  4:47  Stalker  
  52  4:54  Adept  
  54  5:11  Stalker x2  
  58  5:16  Stalker  
  60  5:24  Pylon  
  60  5:34  Stalker  
  62  5:43  Pylon  
  62  5:47  Stalker  
  58  6:05  Sentry x2  
  58  6:08  Probe  
  61  6:19  Adept  
  63  6:35  Adept x2  
  63  6:36  Probe  
  68  6:46  Nexus  
  68  6:48  Probe  
  61  7:11  Probe  
  62  7:15  Sentry x2  
  62  7:16  Stalker  
  62  7:20  Probe  
  67  7:28  Probe  
  57  7:38  Probe  
  55  7:44  Sentry  
  55  7:50  Probe  
  53  8:02  Probe  
  54  8:14  Probe  
  54  8:16  Stalker x3  
  54  8:17  Probe  
  61  8:26  Probe  
  60  8:29  Probe  
  57  8:38  Probe  
  56  8:41  Probe  
  56  8:43  Sentry x2  
  56  8:44  Zealot  
  63  8:50  Probe  
  63  8:54  Probe  
  55  9:03  Probe  
  55  9:06  Probe  
  55  9:10  Immortal  
  53  9:30  Zealot x3  
  57  9:39  Shield Battery  
  57  9:46  Shield Battery  
  57  9:50  Sentry  
  59  9:59  Zealot x2  
  51  10:15  Sentry  
  51  10:19  Zealot x2  
Show
View Real Time Build Order
Export as new Build Order

Has Protoss - Winner!

Build Orders: Phoenix Opening 

Get SALT Encoding   

  12  0:00  Probe  
  13  0:12  Probe  
  14  0:17  Pylon  
  14  0:25  Probe  
  15  0:34  Probe  
  15  0:38  Gateway  
  15  0:42  Probe  
  17  0:51  Probe  
  17  0:56  Assimilator  
  18  1:02  Pylon, Probe  
  19  1:08  Assimilator  
  19  1:10  Probe  
  19  1:18  Probe  
  21  1:27  Cybernetics Core  
  21  1:30  Pylon  
  21  1:31  Probe  
  22  1:43  Probe  
  23  1:49  Pylon  
  23  1:54  Stalker  
  23  1:56  Probe  
  24  2:04  Warp Gate  
  24  2:08  Probe  
  27  2:17  Stargate  
  27  2:20  Probe  
  28  2:24  Shield Battery  
  28  2:26  Stalker  
  30  2:32  Probe  
  31  2:44  Probe  
  32  2:56  Probe, Pylon  
  33  2:58  Phoenix  
  33  2:59  Stalker  
  37  3:15  Phoenix  
  37  3:24  Gateway  
  37  3:25  Gateway  
  38  3:32  Pylon  
  39  3:42  Shield Battery  
  39  3:45  Phoenix  
  40  3:54  Probe  
  41  3:56  Pylon  
  41  4:06  Probe  
  42  4:10  Phoenix  
  42  4:14  Sentry  
  46  4:23  Pylon  
  46  4:26  Zealot x2  
  50  4:35  Robotics Facility  
  50  4:44  Shield Battery  
  50  5:00  Adept x3  
  50  5:02  Probe  
  50  5:05  Phoenix  
  57  5:08  Pylon  
  59  5:20  Pylon  
  59  5:22  Immortal  
  63  5:40  Gateway  
  63  5:47  Zealot  
  63  5:48  Sentry  
  67  5:55  Immortal  
  67  6:17  Zealot x2  
  69  6:31  Immortal  
  65  6:38  Cybernetics Core  
  62  7:08  Warp Prism  
  62  7:10  Pylon  
  62  7:14  Sentry x2  
  62  7:15  Zealot  
  69  7:36  Immortal  
  67  7:47  Zealot x2  
  75  7:58  Zealot  
  73  8:11  Zealot  
  75  8:38  Sentry x2, Zealot  
  79  9:16  Adept x3  
  78  9:37  Nexus  
  76  10:08  Zealot x2  
  76  10:09  Zealot  
Tags
 
Add a new tag
Caveats
  • Supply blocks, unpowered buildings, or Contaminate may cause inaccurate times.
  • Supply counts are checked every 10 seconds.